 Dungeon Crawl Stone Soup version 0.24.0-29-g8ce449bc06 (webtiles) character file.

Game seed: 10259579774423108913, levelgen mode: deterministic

46169 Flugslaktarn the Severer (level 14, -4/127 HPs)
             Began as a Minotaur Fighter on Nov 14, 2019.
             Was an Initiate of Gozag.
             Splashed by an acid blob's acid (9 damage)
             ... while paralysed by a great orb of eyes
             ... on level 6 of the Lair of Beasts.
             The game lasted 00:11:26 (20486 turns).

Flugslaktarn the Severer (Minotaur Fighter)        Turns: 20486, Time: 00:11:27

Health: -4/127     AC: 17    Str: 34    XL:     14   Next: 3%
Magic:  0/29       EV:  2    Int:  5    God:    Gozag
Gold:   2703       SH:  0    Dex: 10    Spells: 13/13 levels left

rFire    + . .     SeeInvis .   a - +6 war axe
rCold    + + .     Gourm    .   c - +0 shield
rNeg     + + +     Faith    .   f - +3 gold dragon scales of the Sun {*Corrode +Inv rPois rF+ rC+ MP+9 Str+5}
rPois    +         Spirit   +   (helmet restricted)
rElec    .         Reflect  .   (no cloak)
rCorr    .         Harm     .   (no gloves)
MR       .....                  (no boots)
Stlth    ..........             l - amulet of guardian spirit
HPRegen  0.31/turn              E - +3 ring of strength
MPRegen  0.21/turn              M - ring "Alahekh" {*Drain rPois rC+ rN+++ MR-}

@: paralysed, corroded, gold aura
A: retaliatory headbutt, horns 2
a: Potion Petition, Call Merchant, Bribe Branch, Renounce Religion, Evoke
Invisibility


You were on level 6 of the Lair of Beasts.
You worshipped Gozag.
Gozag was most pleased with you.
You were very hungry.

You visited 3 branches of the dungeon, and saw 17 of its levels.
You also visited: Sewer.

You collected 4753 gold pieces.
You spent 2003 gold pieces at shops.
You paid 47 gold pieces to Gozag.

Inventory:

Hand Weapons
 a - a +6 war axe (weapon)
   (You took it off a wight on level 7 of the Dungeon)
 b - a +0 hand axe of flaming
   (You took it off a big kobold on level 10 of the Dungeon)
 v - a +1 broad axe
   (You bought it in a shop on level 4 of the Dungeon)
Missiles
 H - 3 throwing nets (quivered)
Armour
 c - a +0 shield (worn)
 f - the +3 gold dragon scales of the Sun (worn) {*Corrode +Inv rPois rF+ rC+ MP+9 Str+5}
   (You bought it in a shop on level 4 of the Dungeon)

   It affects your strength (+5).
   It protects you from fire.
   It protects you from cold.
   It protects you from poison.
   It affects your magic capacity (+9).
   It lets you turn invisible.
   It may corrode you when you take damage.
 o - a +0 plate armour
   (You found it on level 5 of the Dungeon)
Jewellery
 l - an amulet of guardian spirit (around neck)
   (You found it on level 1 of the Lair of Beasts)
 u - an uncursed ring of fire
   (You found it on level 3 of the Lair of Beasts)
 E - a +3 ring of strength (left hand)
   (You found it on level 7 of the Dungeon)
 M - the ring "Alahekh" (right hand) {*Drain rPois rC+ rN+++ MR-}
   (You found it on level 6 of the Lair of Beasts)

   [ring of protection from cold]

   It protects you from cold.
   It protects you from poison.
   It renders you almost immune to negative energy.
   It affects your resistance to hostile enchantments.
   It causes draining when unequipped.
Wands
 k - a wand of iceblast (9)
   (You found it on level 1 of the Lair of Beasts)
 A - a wand of acid (12)
   (You found it on level 7 of the Dungeon)
 G - a wand of enslavement (6)
   (You found it on level 10 of the Dungeon)
Scrolls
 h - 3 scrolls of enchant weapon
 i - 2 scrolls of immolation
 r - 5 scrolls of identify
 t - 3 scrolls of fear
 x - 4 scrolls of enchant armour
 y - a scroll of brand weapon {unknown}
 z - 3 scrolls of blinking
 C - 3 scrolls of fog
 F - 7 scrolls of teleportation
 J - a scroll of magic mapping {unknown}
 K - 7 scrolls of remove curse
Potions
 d - 2 potions of might
 g - 3 potions of magic
 j - 7 potions of flight
 m - 2 potions of cancellation
 n - a potion of resistance
 p - 2 potions of brilliance
 q - 5 potions of curing
 s - a potion of agility
 w - a potion of heal wounds
 B - 3 potions of mutation
 D - 3 potions of lignification
 I - a potion of berserk rage {unknown}
Miscellaneous
 L - a lamp of fire
   (You found it on level 6 of the Lair of Beasts)
Comestibles
 e - 22 rations


   Skills:
 + Level 12.4 Fighting
 * Level 16.1 Axes
 + Level 12.2 Armour
 + Level 12.2 Shields
 - Level 10.0 Evocations


You had 13 spell levels left.
You didn't know any spells.
Your spell library was empty.

Dungeon Overview and Level Annotations

Branches:
Dungeon (10/15)            Temple (1/1) D:4            Lair (6/6) D:9
 Shoals (0/4) Lair:3        Snake (0/4) Lair:4        Slime (0/5) Lair:6
    Orc (0/2) D:9           Sewer (visited)

Altars:
Ashenzari
Cheibriados
Dithmenos
Elyvilon
Fedhas
Gozag
Hepliaklqana
Kikubaaqudgha
Nemelex Xobeh
Okawaru
Qazlal
Ru
Sif Muna
Uskayaw
Wu Jian
Xom
Yredelemnul
Zin
The Shining One
Jiyva

Shops:
D:4 [=!?*=??   D:6 :=   D:8 (

Annotations:
Lair:6 1 runed translucent door, exclusion: oklob plant


Innate Abilities, Weirdness & Mutations

You reflexively headbutt those who attack you in melee.
You have a pair of horns on your head.


Message History

The jelly becomes distracted by the nearby gold, dreaming of imaginary riches.
The acid blob spits acid at you.
The splash of acid hits you but does no damage.
You are splashed with acid!
The great orb of eyes bites you but does no damage.
The jelly is no longer distracted by gold.
The ooze becomes distracted by the nearby gold, dreaming of imaginary riches.
The jelly becomes distracted by the nearby gold, dreaming of imaginary riches.
The acid blob hits you! The acid corrodes you!
You are splashed with acid!
The great orb of eyes bites you.
The jelly quivers.
The ooze quivers.
The acid blob hits you!!
* * * LOW HITPOINT WARNING * * *
You are splashed with acid!
* * * LOW HITPOINT WARNING * * *
The acid blob hits you!
* * * LOW HITPOINT WARNING * * *
You are splashed with acid!
You die...
Your body crumbles into a pile of gold.

....#..#
##.#....##.≈≈.≈≈..≈.≈≈
...#.###
#.##.P###............
...###
####.................
..##
#P.....#............
###
##...................
###....................
#.....########.........
#.....#GJJJJ.#...P.....
#.:...@JGJJJ.#..#.P...#
#...###JJJJ..#.....####
##.# JJJJ..#....##.JJ
## JJ#J..#....##>.J


JJJ ..#.....#..J #### ##.....#### #....P# ##..### #### You could see 2 acid
blobs, an azure jelly, 2 great orbs of eyes, 2 death oozes, 10 jellies and 7
oozes.

Vanquished Creatures
  Rupert (Lair:6)
  Josephine (Lair:6)
  8 hydras
  Harold (Lair:1)
  3 death yaks (Lair:4)
  Sonja (Lair:6)
  A sea snake (Lair:6)
  An unseen horror (D:10)
  Pikel (D:6)
  7 elephants (Lair:6)
  3 black mambas
  7 spiny frogs
  Joseph (D:10)
  A torpor snail (Lair:4)
  9 komodo dragons
  3 rime drakes
  4 hornets
  5 polar bears (Lair:6)
  A troll (D:10)
  A wind drake (Lair:6)
  Prince Ribbit (Lair:2)
  6 hippogriffs
  7 blink frogs
  2 dream sheep (D:10)
  A shadow (D:7)
  26 yaks
  6 wyverns
  A steam dragon (D:10)
  6 wraiths
  A basilisk (Lair:2)
  A vampire mosquito (D:10)
  A hungry ghost (D:10)
  Menkaure (D:5)
  9 water moccasins
  10 porcupines
  2 sky beasts (D:9)
  2 black bears
  4 orc warriors
  4 slaves (D:6)
  3 ogres
  39 wolves
  A necrophage (D:7)
  6 centaurs
  13 crocodiles
  7 big kobolds
  A gnoll sergeant (D:5)
  15 bullfrogs
  3 scorpions
  14 killer bees
  A vampire bat (Lair:2)
  14 wights
  7 howler monkeys
  A crimson imp (D:7)
  A quasit (D:10)
  A bullfrog zombie (D:7)
  6 hounds
  8 orc wizards
  5 orc priests
  2 jellies
  Natasha (thrice) (D:4)
  A merfolk siren (Sewer)
  2 merfolk avatars
  2 worker ants
  2 howler monkey skeletons
  A worker ant zombie (D:9)
  9 gnolls
  16 adders
  2 river rats (Sewer)
  4 shadow imps
  An ooze (Lair:6)
  A worm (D:5)
  6 leopard geckos
  37 orcs
  4 ball pythons
  15 bats
  4 giant cockroaches
  5 goblins
  6 hobgoblins
  11 jackals
  4 quokkas
  A ball python skeleton (D:4)
  19 frilled lizards
  24 kobolds
  A leopard gecko zombie (D:6)
  A quokka skeleton (D:6)
  29 rats
  2 fungi
  10 plants (Lair:6)
522 creatures vanquished.

Vanquished Creatures (others)
  3 fungi (Lair:6)
  10 plants (Lair:6)
13 creatures vanquished.

Grand Total: 535 creatures vanquished

Notes
Turn   | Place    | Note
-------+----------+-------------------------------------------
     0 | D:1      | Flugslaktarn the Minotaur Fighter began the quest for the
                  | Orb.
     0 | D:1      | Reached XP level 1. HP: 19/19 MP: 0/0
   312 | D:1      | Reached XP level 2. HP: 27/27 MP: 1/1
   430 | D:1      | Reached skill level 3 in Axes
   799 | D:2      | Reached XP level 3. HP: 29/33 MP: 2/2
  1019 | D:2      | Found a hazy altar of Hepliaklqana.
  1476 | D:2      | Found a glowing silver altar of Zin.
  1504 | D:3      | Reached XP level 4. HP: 31/40 MP: 3/3
  1634 | D:3      | Reached skill level 4 in Axes
  2590 | D:4      | Found Heseirif's Antique Armour Emporium.
  2600 | D:4      | Reached XP level 5. HP: 39/47 MP: 4/4
  2670 | D:4      | Found Kuipnen's Jewellery Shop.
  2793 | D:4      | Found a staircase to the Ecumenical Temple.
  2795 | D:4      | Found an iron altar of Okawaru.
  2807 | D:4      | Reached skill level 5 in Axes
  2811 | D:4      | Noticed Natasha
  2824 | D:4      | Killed Natasha
  2824 | D:4      | Reached XP level 6. HP: 41/55 MP: 5/5
  2840 | Temple   | Entered the Ecumenical Temple
  2933 | Temple   | Became a worshipper of Gozag Ym Sagoz the Greedy
  2981 | D:4      | Found Zeazxyn's Magic Scroll Shoppe.
  2986 | D:4      | Reached skill level 5 in Fighting
  2986 | D:4      | Reached skill level 5 in Armour
  2986 | D:4      | Reached skill level 5 in Shields
  2987 | D:4      | Found Busk's Magic Scroll Shoppe.
  2990 | D:4      | Bought a scroll of fog for 24 gold pieces
  2990 | D:4      | Bought a scroll of fear for 42 gold pieces
  2990 | D:4      | Bought a scroll of fog for 24 gold pieces
  2990 | D:4      | Bought a scroll of teleportation for 36 gold pieces
  2991 | D:4      | Found Furyept's Antique Armour Shoppe.
  2995 | D:4      | Found Bimneicw's Assorted Antiques.
  2998 | D:4      | Found Vigofrenn's Magic Scroll Shoppe.
  2999 | D:4      | Found Fumu's Jewellery Shop.
  3328 | D:4      | Found a shimmering blue altar of Sif Muna.
  3414 | D:4      | Found Noek Wad's Distillery.
  3456 | D:5      | Entered Level 5 of the Dungeon
  3535 | D:4      | Noticed Natasha
  3545 | D:4      | Killed Natasha
  3630 | D:5      | Reached skill level 6 in Axes
  3630 | D:5      | Reached XP level 7. HP: 28/61 MP: 6/6
  3851 | D:4      | Noticed Natasha
  3874 | D:4      | Killed Natasha
  3915 | D:4      | Bought a broad axe for 92 gold pieces
  3965 | D:5      | Found a glowing golden altar of the Shining One.
  4695 | D:5      | Noticed Menkaure
  4701 | D:5      | HP: 1/62 [Menkaure (14)]
  4702 | D:5      | Killed Menkaure
  4702 | D:5      | Reached skill level 7 in Axes
  5598 | D:6      | Found a glowing drain.
  5617 | Sewer    | Entered a sewer
  6069 | Sewer    | Reached XP level 8. HP: 70/70 MP: 7/7
  6662 | D:6      | Reached skill level 8 in Axes
  7048 | D:6      | Noticed Pikel
  7073 | D:6      | Killed Pikel
  7316 | D:6      | Reached skill level 9 in Axes
  7493 | D:6      | Found an ancient bone altar of Kikubaaqudgha.
  7586 | D:6      | Found a basalt altar of Yredelemnul.
  7586 | D:6      | Found a sparkling altar of Nemelex Xobeh.
  7602 | D:6      | Found Tiwke's Book Shop.
  7619 | D:6      | Found Pyofol's Jewellery Boutique.
  7665 | D:6      | Reached XP level 9. HP: 33/79 MP: 8/8
  8204 | D:7      | Found a stormy altar of Qazlal.
  8250 | D:7      | Found an ornate altar of the Wu Jian Council.
  8553 | D:7      | Reached skill level 10 in Axes
  8654 | D:7      | Found a white marble altar of Elyvilon.
  8950 | D:7      | Reached skill level 1 in Evocations
  9369 | D:8      | Found Mevaunev's Antique Weapon Emporium.
  9399 | D:8      | Found a hide-covered altar of Uskayaw.
  9471 | D:8      | Found a blossoming altar of Fedhas.
  9663 | D:8      | Reached XP level 10. HP: 90/90 MP: 10/10
  9745 | D:8      | Reached skill level 11 in Axes
 10097 | D:8      | Found a shadowy altar of Dithmenos.
 10276 | D:9      | Found a staircase to the Orcish Mines.
 10593 | D:9      | Found a staircase to the Lair.
 11020 | D:10     | Entered Level 10 of the Dungeon
 11041 | D:10     | Killed an unseen horror
 11360 | D:10     | Paralysed by a hornet for 1 turns
 11978 | D:10     | Noticed Joseph
 11984 | D:10     | Killed Joseph
 11984 | D:10     | Reached skill level 12 in Axes
 12176 | D:10     | Reached XP level 11. HP: 95/97 MP: 13/13
 12189 | D:10     | Reached skill level 5 in Evocations
 13020 | D:10     | Noticed a three-headed hydra
 13028 | D:10     | Killed a one-headed hydra
 13353 | D:4      | Bought jewelled gold dragon scales for 1785 gold pieces
 13363 | D:4      | Identified the +3 gold dragon scales of the Sun {*Corrode
                  | +Inv rPois rF+ rC+ MP+9 Str+5} (You bought it in a shop on
                  | level 4 of the Dungeon)
 13450 | Lair:1   | Entered Level 1 of the Lair of Beasts
 13458 | Lair:1   | Noticed a seven-headed hydra
 13466 | Lair:1   | Killed a three-headed hydra
 13601 | Lair:1   | Reached skill level 10 in Fighting
 13823 | Lair:1   | Reached skill level 10 in Armour
 13828 | Lair:1   | Reached skill level 10 in Shields
 13992 | Lair:1   | Noticed Harold
 14002 | Lair:1   | Killed Harold
 14002 | Lair:1   | Reached skill level 13 in Axes
 14080 | Lair:1   | Noticed a four-headed hydra
 14085 | Lair:1   | Killed a one-headed hydra
 14860 | Lair:2   | Noticed Prince Ribbit
 14873 | Lair:2   | Killed Prince Ribbit
 14876 | Lair:2   | Reached XP level 12. HP: 85/107 MP: 16/16
 15569 | Lair:3   | Reached skill level 14 in Axes
 15961 | Lair:3   | Found a hazy altar of Hepliaklqana.
 16091 | Lair:3   | Noticed an eight-headed hydra
 16101 | Lair:3   | Killed a five-headed hydra
 16235 | Lair:3   | Found a staircase to the Shoals.
 16821 | Lair:4   | Found a staircase to the Snake Pit.
 17039 | Lair:4   | Noticed a death yak
 17044 | Lair:4   | Noticed a death yak
 17044 | Lair:4   | Noticed a death yak
 17059 | Lair:4   | Killed a death yak
 17064 | Lair:4   | Killed a death yak
 17069 | Lair:4   | Killed a death yak
 17521 | Lair:4   | Noticed a five-headed hydra
 17531 | Lair:4   | Killed a one-headed hydra
 17535 | Lair:4   | Reached XP level 13. HP: 108/116 MP: 18/18
 18839 | Lair:6   | Entered Level 6 of the Lair of Beasts
 18871 | Lair:6   | Reached skill level 15 in Axes
 18896 | Lair:6   | Found an iron altar of Okawaru.
 19301 | Lair:6   | Noticed Josephine
 19316 | Lair:6   | Killed Josephine
 19359 | Lair:6   | Reached skill level 10 in Evocations
 19872 | Lair:6   | Noticed Sonja
 19874 | Lair:6   | Killed Sonja
 20001 | Lair:6   | Noticed Rupert
 20128 | Lair:6   | Killed Rupert
 20128 | Lair:6   | Reached skill level 16 in Axes
 20128 | Lair:6   | Reached XP level 14. HP: 86/127 MP: 19/20
 20295 | Lair:6   | Got a translucent golden ring
 20316 | Lair:6   | Identified the ring "Alahekh" {*Drain rPois rC+ rN+++ MR-}
                  | (You found it on level 6 of the Lair of Beasts)
 20435 | Lair:6   | Found a runed translucent door.
 20436 | Lair:6   | Found a viscous altar of Jiyva.
 20440 | Lair:6   | Found a staircase to the Slime Pits.
 20474 | Lair:6   | Noticed an acid blob
 20475 | Lair:6   | Noticed an acid blob
 20478 | Lair:6   | Noticed an azure jelly
 20482 | Lair:6   | Paralysed by a great orb of eyes for 4 turns
 20486 | Lair:6   | HP: 5/127 [acid blob (8)]
 20486 | Lair:6   | Splashed by an acid blob's acid

Levels and vault maps discovered:
D:1:      eino_arrival_druids_welcome, layout_loops_ring, serial_aquarium,
          aquarium_bridge_straight [aquarium_subvault_bridge,
          aquarium_subvault_wall, aquarium_subvault_bridge,
          aquarium_subvault_wall], aquarium_window_2, aquarium_window_3,
          aquarium_window_1, aquarium_view_2e, aquarium_view_2e,
          aquarium_balcony_5b
D:2:      layout_basic, zin_scriptorium, lemuel_doored_altar,
          cheibrodos_gnoll_hut
D:3:      layout_basic, kennysheep_crisscross
D:4:      layout_gridville, okawaru_trees_1, lemuel_blue_sif_altar,
          minmay_temple_entry_tees, serial_shops, nicolae_shop_trees, shop,
          shop, nicolae_shop_statue_plus, kennysheep_mini_moat,
          minmay_misc_feat_nine_boxes, minmay_shop_grid_forest, uniq_natasha
D:5:      wad_lake_hut, layout_basic, tso_metal_star, first_ration,
          uniq_menkaure
D:6:      layout_cave_pods, gammafunk_temple_overflow_elements, kennysheep_mini,
          serial_shops, kennysheep_little_box, cheibrodos_sewer_entry_drain,
          minmay_shop_enchanted_jewellery, uniq_pikel
D:7:      layout_gridville, nicolae_qazlal_style_of_elements,
          nicolae_overflow_hidden_temple, basic_altar
D:8:      layout_loops_ring, fedhas_ov_isle_minmay, marbit_many_paths,
          eat_drink_and_be_merry_uskayaw, serial_shops, nicolae_shop_waterfront
D:9:      layout_cave_pools, lair_entry_dummy, orc_0_dummy
D:10:     layout_cave_pods, hangedman_ranch [blue_anna_fruit_fields],
          minmay_checkerbox, uniq_joseph
Temple:   dpeg_three_leaves_temple
Lair:1:   layout_regular_city, uniq_harold
Lair:2:   layout_cave_shapes, roderic_batcave, uniq_prince_ribbit2
Lair:3:   wander_river, layout_cave_pods, elwin_shoals_entry_rocks, basic_altar,
          columned_hall_lemuel, chequers_serial_rivers_room_b,
          grunt_forest_large_clearings
Lair:4:   layout_regular_city, guppyfry_snake_entry_island
Lair:5:   layout_cave_pods
Lair:6:   gammafunk_lair_ancient_temple, layout_misc_corridors, slime_altar_2,
          special_room [special_room_jelly], lemuel_oklob_altar,
          lemuel_fruit_tree, uniq_rupert, uniq_josephine, uniq_sonja

Skill      XL: |  1  2  3  4  5  6  7  8  9 10 11 12 13 |
---------------+----------------------------------------+-----
Axes           | 3 4 5 6 7 9 10 12 13 14 16 | 16.1
Armour         | 4 5 6 7 8 9 10 11 12 | 12.2
Fighting       | 4 5 6 7 8 9 10 11 12 | 12.4
Shields        | 4 5 6 7 8 9 10 11 12 | 12.2
Evocations     | 2 4 7 8 10 | 10.0

Action                   |  1- 3 |  4- 6 |  7- 9 | 10-12 | 13-15 || total
-------------------------+-------+-------+-------+-------+-------++-------
Melee: War axe           |    78 |   115 |    63 |   343 |   320 ||   919
       Headbutt          |     3 |    19 |    62 |   122 |    82 ||   288
       Broad axe         |       |       |   372 |       |       ||   372
       Hand axe          |       |       |       |   250 |     9 ||   259
Evoke: Wand              |       |       |       |     2 |     4 ||     6
  Use: Potion            |       |       |     3 |     1 |       ||     4
       Scroll            |       |       |       |    15 |       ||    15
 Stab: Distracted        |       |       |     2 |     3 |       ||     5
  Eat: Chunk             |     2 |     5 |       |       |       ||     7
       Ration            |       |       |     6 |     8 |     3 ||    17
Armor: Scale mail        |    33 |    40 |     8 |       |       ||    81
       Plate armour      |       |       |   224 |    89 |       ||   313
       Gold dragon scale |       |       |       |   193 |   182 ||   375
Dodge: Dodged            |    28 |    42 |    78 |   103 |    53 ||   304
Block: Shield            |    55 |    64 |   253 |   367 |   214 ||   953
